AoeStats
← Santi Povs

Arena

505090824Analyzed
2v2 RM · 25d ago on Sep 7, 2026· 49m 25s· 4 players
Game mode
Random Map
Map size
Medium (4 player)
Population
200
Speed
Normal
Resources
Standard
Victory
Conquest
Starting age
Dark Age
Ending age
Imperial Age
RankedLock teamsTeams togetherTeam positionsShared explorationLock speedFull tech treeHidden civsTurbo modeCheats
Victory
Defeat
🇨🇴 Celts · Colombia
1058
+13
🇨🇴 Romans · Colombia
1008
+15
🇺🇸 Tatars · United States
1032
-15
🇲🇽 Franks · Mexico
959
-13
HDSON.Stilson16
2:23 Loom
10:36 Feudal Age
13:24 Wheelbarrow
16:16 Castle Age
23:54 Hand Cart
23:28 Town Watch
33:46 Imperial Age
32:38 Scale Barding Armor
32:43 Forging
32:27 Horse Collar
32:48 Crossbowman
34:31 Bloodlines
34:22 Husbandry
34:14 Heavy Camel Rider
35:29 Gold Mining
37:56 Chemistry
37:17 Ballistics
37:51 Chain Barding Armor
38:08 Iron Casting
39:09 Plate Barding Armor
38:35 Padded Archer Armor
40:39 Onager
42:56 Light Cavalry
45:26 Fletching
45:23 Hussar
HDSON.Banano
11:14 Feudal Age
9:30 Loom
14:06 Loom
16:42 Castle Age
15:00 Double-Bit Axe
16:55 Stone Mining
17:52 Bow Saw
21:47 Loom
23:01 Wheelbarrow
25:51 Imperial Age
26:26 Fortified Wall
26:42 Pikeman
28:58 Hand Cart
28:29 Town Watch
31:26 Cavalier
32:08 Husbandry
33:08 Gold Mining
34:43 Chemistry
33:56 Forging
33:51 Scale Barding Armor
33:38 Fletching
33:52 Squires
34:58 Conscription
35:32 Gold Shaft Mining
37:13 Chain Barding Armor
37:29 Iron Casting
36:55 Halberdier
37:39 Scale Mail Armor
37:41 Bodkin Arrow
38:13 Arson
41:41 Ballistics
41:22 Paladin
47:31 Blast Furnace
46:32 Padded Archer Armor
47:25 Chivalry
49:11 Chain Mail Armor
NickyCash
11:31 Feudal Age
9:46 Loom
16:05 Castle Age
15:12 Double-Bit Axe
15:09 Horse Collar
16:20 Stone Mining
17:06 Gold Mining
30:27 Ballistas
37:29 Imperial Age
36:10 Murder Holes
36:28 Squires
36:33 Scale Mail Armor
36:09 Pikeman
37:38 Wheelbarrow
38:38 Conscription
39:03 Siege Engineers
39:10 Heavy Plow
39:30 Bow Saw
40:30 Heavy Scorpion
42:30 Chemistry
42:54 Fortified Wall
43:21 Halberdier
43:49 Capped Ram
45:36 Siege Ram
46:53 Masonry
Santi Povs
10:51 Feudal Age
14:26 Castle Age
12:15 Double-Bit Axe
13:02 Horse Collar
15:31 Bow Saw
27:24 Imperial Age
24:40 Town Watch
25:47 Wheelbarrow
25:33 Loom
26:12 Scale Mail Armor
26:23 Forging
26:49 Hand Cart
26:43 Heavy Plow
26:37 Gold Mining
27:36 Scale Barding Armor
27:41 Onager
28:39 Husbandry
32:19 Chemistry
31:25 Siege Engineers
30:44 Cavalier
32:24 Chain Barding Armor
32:41 Iron Casting
32:21 Chain Mail Armor
31:31 Pikeman
33:03 Heavy Scorpion
33:03 Capped Ram
33:22 Halberdier
34:56 Gold Shaft Mining
36:54 Plate Mail Armor
37:25 Blast Furnace
35:56 Siege Ram
Connection lost

Rejoining the realm…

Still unreachable

The connection could not be restored.

Session expired

The server has moved on; the page needs a fresh start.